 Dungeon Crawl Stone Soup version 0.27-a0-1378-gdefffd1ff6 (webtiles) character file.

Game seed: 15627369028620715066

212 zero the Magician (level 6, 0/46 HPs)
             Began as a Djinni Conjurer on June 29, 2021.
             Slain by an orc (9 damage)
             ... on level 4 of the Dungeon.
             The game lasted 00:05:06 (5936 turns).

zero the Magician (Djinni Conjurer)                 Turns: 5936, Time: 00:05:06

Health: 0/46       AC:  2    Str: 13    XL:     6   Next: 14%
Gold:   178        EV: 13    Int: 21    God:
                   SH:  0    Dex: 16

rFire    + + +     SeeInvis .   k - +6 dagger of Unpleasantness {venom, *Slow Str+6 Dex+5}
rCold    x . .     Faith    .   (no shield)
rNeg     . . .     Spirit   .   i - +0 robe {rF+}
rPois    ∞         Reflect  .   (no helmet)
rElec    .         Harm     .   (no cloak)
rCorr    .         Rampage  .   (no gloves)
Will     .....                  (boots unavailable)
Stlth    +.........             (no amulet)
HPRegen  0.15/turn              (no ring)
MPRegen  0.00/turn              (no ring)

@: confused, flying
A: sickness immunity, fire resistance 2, cold vulnerability 1, float, innate
caster, hp casting, extra vitality 1
a: no special abilities


You were on level 4 of the Dungeon.
You visited 1 branch of the dungeon, and saw 4 of its levels.

You collected 178 gold pieces.

Inventory:

Hand Weapons
 b - a +0 dagger
 k - the +6 dagger of Unpleasantness (weapon) {venom, *Slow Str+6 Dex+5}
   (You found it on level 4 of the Dungeon)

   It poisons the flesh of those it strikes.
   Str:       It affects your strength (+6).
   Dex:       It affects your dexterity (+5).
   *Slow:     It may slow you when you take damage.
Armour
 i - a +0 robe of fire resistance (worn)
Scrolls
 c - a scroll of enchant armour {unknown}
 d - a scroll of blinking {unknown}
 e - 2 scrolls of teleportation {unknown}
 f - a scroll of identify {unknown}
 g - a scroll of holy word {unknown}
 h - a scroll of fog {unknown}
Potions
 a - a potion of curing {unknown}
 j - a potion of cancellation {unknown}


   Skills:
 * Level 3.4 Fighting
 + Level 3.5 Dodging
 + Level 2.1 Stealth
 + Level 3.9 Spellcasting


You couldn't memorise any spells.
You knew the following spells:

 Your Spells              Type           Power      Damage    Failure   Level
a - Magic Dart            Conj           80%        1d7       2%          1
b - Searing Ray           Conj           40%        3d4       3%          2
c - Dazzling Flash        Conj/Hex       40%        N/A       7%          3
d - Fulminant Prism       Conj/Hex       10%        3d9       24%         4
e - Iskenderun's Mystic   Conj/Tloc      20%        2d6       24%         4
f - Sting                 Tmut/Pois      80%        1d7       2%          1
g - Call Imp              Summ           20%        N/A       3%          2
Your spell library was empty.

Dungeon Overview and Level Annotations

Branches:
Dungeon (4/15)
 Temple: D:4-7

Altars:
Vehumet

Shops:
D:1 ?

Annotations:
D:2 Sigmund
D:3 2 transporters, ma3's ghost, amateur HuAr


Innate Abilities, Weirdness & Mutations

You are immune to sickness and miasma.
You are immune to poison.
Your flesh is very heat resistant. (rF++)
You are vulnerable to cold. (rC-)
You float through the air rather than walking.
You learn spells naturally, not from books.
Your magical power is your life essence.
You have superior vitality. (+4 HP)


Message History

You hear some strange, mumbled words.
Something tries to affect you, but you resist.
The orc throws a boomerang.
The boomerang hits you.
The searing ray hits the orc priest!
The orc priest is severely wounded.
You hear some strange, mumbled words.
A magic dart appears from out of thin air!
The magic dart hits you!
The searing ray hits the orc priest but does no damage.
The orc priest is severely wounded.
The searing ray misses the orc.
You finish channeling your searing ray.
Something hits you.
The orc priest calls down the wrath of Beogh upon you.
Pain shoots through your body!
Casting: Searing Ray (safe; 3% risk of failure)
Confirm with . or Enter, or press ? or * to list all spells.
Aiming: Searing Ray (safe; 3% risk of failure)
Press: ? - help, Shift-Dir - straight line The searing ray hits the orc priest.
You kill the orc priest! (Press . to maintain the ray.)
You hear some strange, mumbled words.
You are confused.
The orc throws a boomerang.
The boomerang hits you.
* * * LOW HITPOINT WARNING * * *
You have reached level 6!
Your experience leads to an increase in your attributes!
Your base attributes are Str 6, Int 21, Dex 11.
Increase (S)trength, (I)ntelligence, or (D)exterity?
You feel stronger.
Are you sure you want to stumble around while confused and next to your iron imp?
Okay, then.
Are you sure you want to stumble around while confused and next to your iron imp?
You hear some strange, mumbled words.
A puff of flame appears from out of thin air!
The puff of flame hits you. You resist.
* * * LOW HITPOINT WARNING * * *
Are you sure you want to stumble around while confused and next to your white imp?
You're too confused to move!
The orc hits you with a +0 flail!
You die...

#......)...#..## #.≈≈≈≈
#......÷..)....# ##.....
............#..# $......
..#........## ......... .
####..†)## .......
###.....#### ......
..#.....<#...## #.#..
.......55.....# #..
......)@.{....# #.. #
#.##...o......#.. #.. ..
##..o)......#.. ##.# ...
#....).....##.. ##..#
#..####..............##....
##...#..[.............oo...
#.......<..................
#.................)........
......:.....................


You could see 2 orcs, a friendly iron imp (summoned) and a friendly white imp
(summoned).

Vanquished Creatures
  An orc priest (D:4)
  A statue (D:3)
  3 gnolls (D:3)
  4 adders
  4 dart slugs
  3 orcs
  5 bats
  7 endoplasms
  A giant cockroach (D:2)
  9 hobgoblins
  10 jackals
  4 quokkas
  5 ball pythons
  A frilled lizard (D:2)
  8 goblins
  4 kobolds
  8 rats
78 creatures vanquished.

Vanquished Creatures (collateral kills)
  An orc (D:4)
  3 jackals (D:4)
  A quokka (D:4)
5 creatures vanquished.

Grand Total: 83 creatures vanquished

Notes
Turn   | Place    | Note
-------+----------+-------------------------------------------
     0 | D:1      | zero the Djinni Conjurer began the quest for the Orb.
     0 | D:1      | Reached XP level 1. HP: 15/15 MP: 0/0
   248 | D:1      | Found Keuvatuu's Magic Scroll Boutique.
   580 | D:1      | Reached XP level 2. HP: 19/21 MP: 0/0
   911 | D:1      | Found a faded altar of an unknown god.
  1138 | D:1      | Reached XP level 3. HP: 17/26 MP: 0/0
  1138 | D:1      | Learned a level 1 spell: Sting
  1318 | D:1      | Reached skill level 1 in Fighting
  2623 | D:2      | Reached XP level 4. HP: 9/33 MP: 0/0
  3631 | D:2      | Noticed Sigmund
  4044 | D:3      | Found a transporter.
  4044 | D:3      | Found a transporter.
  4044 | D:3      | Noticed ma3's ghost (amateur HuAr)
  4270 | D:3      | Reached XP level 5. HP: 26/39 MP: 0/0
  4270 | D:3      | Learned a level 2 spell: Call Imp
  4931 | D:3      | Noticed a charred statue
  4947 | D:3      | Killed a charred statue
  5633 | D:4      | Identified the +6 dagger of Unpleasantness {venom, *Slow
                  | Str+6 Dex+5}
  5935 | D:4      | Reached XP level 6. HP: 11/46 MP: 0/0
  5936 | D:4      | Slain by an orc

Illustrated notes

Levels and vault maps discovered:
D:1:      wander_arrival_lonely_grave, layout_loops_ring, serial_shops,
          shop_fountains, hellmonk_ecumenical_altar_arch_garden, minivault_27,
          minmay_strange_pillars, minivault_14, minmay_split_cup_large
D:2:      layout_basic, roderic_lattice_a, uniq_sigmund
D:3:      layout_rooms, vehumet_statue, gammafunk_ghost_arena
D:4:      layout_cave_pools, lemuel_round_altar, minivault_14

Skill      XL: |  1  2  3  4  5 |
---------------+----------------+-----
Fighting       | 1 2 3 |  3.4
Stealth        | 2 |  2.1
Dodging        | 3 |  3.5
Spellcasting   | |  3.9

Action                   |  1- 3 |  4- 6 || total
-------------------------+-------+-------++-------
Melee: Dagger            |    16 |    11 ||    27
 Cast: Magic Dart        |    31 |    89 ||   120
       Searing Ray       |    12 |     8 ||    20
       Iskenderun's Myst |       |     1 ||     1
       Call Imp          |       |     6 ||     6
 Stab: Sleeping          |     2 |       ||     2
Armor: Robe              |     4 |     5 ||     9
Dodge: Dodged            |    18 |    28 ||    46

Table legend: (Time is in decaauts)
 A = Elapsed time spent in this place.
 B = Non-inter-level travel time spent in this place.
 C = Inter-level travel time spent in this place.
 D = Time resting spent in this place.
 E = Time spent auto-exploring this place.
 F = Levels seen in this place.
 G = Mean time per level.
                   A        B        C        D        E       F      G
               +--------+--------+--------+--------+--------+-----+--------+
         Total |   5937 |   5767 |    170 |   2338 |   2908 |   4 | 1484.2 |
       Dungeon |   5937 |   5767 |    170 |   2338 |   2908 |   4 | 1484.2 |
               +--------+--------+--------+--------+--------+-----+--------+

Top non-repeatable levels by time:
     D:2: 2014 daAuts
     D:1: 1943 daAuts
     D:3: 1518 daAuts
     D:4: 461 daAuts
